 Dungeon Crawl Stone Soup version 0.19.1 (console) character file.

1293 Kloppie the Slasher (level 8, -1/106 HPs)
             Began as a Black Draconian Berserker on Dec 19, 2016.
             Was an Elder of Trog.
             Slain by an iguana (7 damage)
             ... on level 7 of the Dungeon.
             The game lasted 00:06:59 (4434 turns).

Kloppie the Slasher (Black Draconian Berserker)     Turns: 4434, Time: 00:06:59

Health: -1/106     AC:  7    Str: 24    XL:     8   Next: 30%
Magic:  8/8        EV: 15    Int:  8    God:    Trog [****..]
Gold:   318        SH:  0    Dex: 13    Spells: 0 memorised, 7 levels left

rFire  . . .     SeeInvis .     a - +0 long sword (flame)
rCold  . . .     Gourm    .     (armour unavailable)
rNeg   . . .     Faith    .     (no shield)
rPois  .         Spirit   .     (helmet restricted)
rElec  +         Reflect  .     (no cloak)
rCorr  .         Harm     .     (no gloves)
MR     .....                    i - +0 pair of boots
Stlth  ..........               (no amulet)
                                (no ring)
                                (no ring)

@: berserking (expiring), very quick
A: breathe lightning, unfitting armour, beak, electricity resistance,
cold-blooded, AC +6
a: Breathe Lightning, Berserk, Trog's Hand, Brothers in Arms, Burn Spellbooks,
Renounce Religion


You were on level 7 of the Dungeon.
You worshipped Trog.
Trog was greatly pleased with you.
You were near starving.

You visited 1 branch of the dungeon, and saw 7 of its levels.

You collected 318 gold pieces.

Inventory:

Hand Weapons
 a - a +0 long sword of flaming (weapon)
 q - a +0 falchion
 t - the +5 short sword of Prescription {freeze, +Rage rC+ Dex+3}
   (You found it on level 4 of the Dungeon)

   It has been specially enchanted to freeze those struck by it, causing extra
   injury to most foes and up to half again as much damage against particularly
   susceptible opponents.
   It can also slow down cold-blooded creatures.
   It affects your dexterity (+3).
   It protects you from cold.
   It lets you go berserk.
Armour
 i - a +0 pair of boots (worn)
Jewellery
 o - a cursed -5 ring of intelligence {unknown}
 r - a +4 amulet of reflection {unknown}
Wands
 p - a wand of random effects (28/48)
 w - a wand of lightning (6/15)
 x - a wand of acid (4/15)
Scrolls
 d - 4 scrolls of immolation {unknown}
 e - 3 scrolls of remove curse {unknown}
 f - 2 scrolls of fear {unknown}
 g - a scroll of recharging {unknown}
 h - 2 scrolls of noise {unknown}
 j - 2 scrolls of magic mapping {unknown}
 k - 3 scrolls of amnesia {unknown}
 m - 3 scrolls of enchant armour {unknown}
 s - a scroll of blinking {unknown}
 u - a scroll of identify {unknown}
 y - a scroll of teleportation {unknown}
Potions
 A - a potion of cancellation {unknown}
Comestibles
 b - 4 bread rations
 c - a meat ration
 l - 5 beef jerkies
 n - a fruit
 v - a royal jelly
 z - a slice of pizza


   Skills:
 + Level 6.3 Fighting
 * Level 7.8 Long Blades
 + Level 5.3 Dodging


You had 7 spell levels left.
You didn't know any spells.

Dungeon Overview and Level Annotations

Branches:
Dungeon (7/15)
 Temple: D:4-7

Altars:
Elyvilon
Fedhas
Gozag
Qazlal
The Shining One

Shops:
D:6 %


Innate Abilities, Weirdness & Mutations

You can breathe wild blasts of lightning.
Your glossy black scales are hard. (AC +6)
You cannot fit into any form of body armour.
You are resistant to electric shocks. (rElec)
You are cold-blooded and may be slowed by cold attacks.
You have a beak for a mouth.


Message History

You hit the iguana but do no damage. You slash the iguana! You burn the iguana.
The iguana is severely wounded.
The bullfrog zombie barely misses you. The iguana bites you!
* * * LOW HITPOINT WARNING * * *
You closely miss the orc warrior. You peck the orc warrior.
The orc warrior is lightly wounded.
The bullfrog zombie hits you.
* * * LOW HITPOINT WARNING * * *
The iguana bites you.
* * * LOW HITPOINT WARNING * * *
You slash the orc warrior! You burn the orc warrior.
Your peck misses the orc warrior.
The orc warrior is severely wounded.
The orc warrior barely misses you.
The bullfrog zombie hits you but does no damage.
You completely miss the orc warrior. Your peck misses the orc warrior.
The orc warrior is severely wounded.
The iguana bites you!
You die...

............
##...........
#............
#..........#
#..........#
#..%..oo...#
#..)lZ.....#
#..@o....#
##...<..##
########


You could see an orc warrior, an iguana, 2 orcs and a bullfrog zombie.

Vanquished Creatures
  An ice beast (D:4)
  2 centaurs
  A bullfrog (D:6)
  2 scorpions (D:6)
  2 howler monkeys
  2 crimson imps
  2 bullfrog zombies
  5 orc priests
  3 hounds
  An iguana (D:6)
  4 orc wizards
  3 worker ants (D:6)
  A hound skeleton (D:5)
  Robin (D:2)
  A howler monkey skeleton (D:6)
  3 adders
  A shadow imp (D:5)
  An ooze (D:5)
  4 adder skeletons
  2 worms
  3 dart slugs
  5 leopard geckos
  28 orcs
  4 ball pythons
  7 bats
  A giant cockroach (D:2)
  15 goblins
  11 hobgoblins
  6 jackals
  A quokka (D:2)
  3 frilled lizards
  2 goblin zombies (D:4)
  4 hobgoblin zombies (D:4)
  6 kobolds
  An orc skeleton (D:4)
  5 rats
144 creatures vanquished.

Notes
Turn   | Place    | Note
-------+----------+-------------------------------------------
     0 | D:1      | Kloppie the Draconian Berserker began the quest for the Orb.
     0 | D:1      | Reached XP level 1. HP: 19/19 MP: 1/1
   169 | D:1      | Reached XP level 2. HP: 23/26 MP: 2/2
   633 | D:2      | Reached XP level 3. HP: 20/31 MP: 3/3
   687 | D:2      | Found a white marble altar of Elyvilon.
   755 | D:2      | Reached ** piety under Trog
   856 | D:2      | Found a blossoming altar of Fedhas.
   987 | D:2      | Noticed Robin
   991 | D:2      | Reached skill level 4 in Long Blades
  1003 | D:2      | Killed Robin
  1081 | D:2      | Reached XP level 4. HP: 24/40 MP: 4/4
  2004 | D:4      | Got an ancient short sword
  2013 | D:4      | Identified the +5 short sword of Prescription {freeze, +Rage rC+ Dex+3} (You found it on level 4 of the Dungeon)
  2075 | D:4      | Reached XP level 5. HP: 46/46 MP: 5/5
  2134 | D:4      | Found a glowing golden altar of the Shining One.
  2140 | D:4      | Reached *** piety under Trog
  2221 | D:4      | Reached skill level 5 in Long Blades
  2233 | D:4      | Reached XP level 6. HP: 38/53 MP: 6/6
  2256 | D:4      | Noticed an ice beast
  2269 | D:4      | Killed an ice beast
  2293 | D:4      | Reached skill level 5 in Fighting
  2511 | D:4      | Gained mutation: You have a beak for a mouth. [potion of beneficial mutation]
  2603 | D:5      | Entered Level 5 of the Dungeon
  2603 | D:5      | Found a stormy altar of Qazlal.
  2793 | D:5      | Reached skill level 6 in Long Blades
  2793 | D:5      | Your scales start taking on a glossy black colour.
  2793 | D:5      | Reached XP level 7. HP: 52/61 MP: 7/7
  2793 | D:5      | Gained mutation: You are resistant to electric shocks. (rElec) [Black Draconian growth]
  3169 | D:5      | Reached **** piety under Trog
  3585 | D:6      | Reached skill level 7 in Long Blades
  3758 | D:6      | Reached skill level 5 in Dodging
  3758 | D:6      | Reached XP level 8. HP: 44/70 MP: 8/8
  3973 | D:6      | Found an opulent altar of Gozag.
  4240 | D:6      | Found Yhufrad's Food Shoppe.
  4432 | D:7      | HP: 5/106 [iguana (3)]
  4434 | D:7      | Slain by an iguana

Skill      XL: |  1  2  3  4  5  6  7  8 |
---------------+-------------------------+-----
Dodging        | 3 4 5 |  5.3
Long Blades    | 4 5 6 7 |  7.8
Fighting       | 4 5 6 |  6.3

Action                   |  1- 3 |  4- 6 |  7- 9 || total
-------------------------+-------+-------+-------++-------
Melee: Falchion          |   112 |    91 |   142 ||   345
       Tailslap          |    21 |    24 |    20 ||    65
       Short sword       |       |    64 |       ||    64
       Peck              |       |     4 |    42 ||    46
       Long sword        |       |       |    20 ||    20
Invok: Berserk           |     1 |     3 |     5 ||     9
  Use: Potion            |       |     5 |       ||     5
 Stab: Sleeping          |     1 |       |       ||     1
  Eat: Chunk             |     2 |     8 |     9 ||    19
Armor: Skin              |    30 |    37 |    43 ||   110
Dodge: Dodged            |    83 |   112 |   117 ||   312
       Rpst.: Falchion   |    32 |    22 |    32 ||    86
       Long sword        |       |       |     5 ||     5
